 Dungeon Crawl Stone Soup version 0.23.2-1-ga50397a6bc (webtiles) character file.

Game seed: 14924263535718285502

84 Mrkan the Skirmisher (level 4, -7/29 HPs)
             Began as a Gargoyle Fighter on May 17, 2019.
             Killed by divine providence
             ... invoked by an orc priest
              (14 damage)
             ... on level 2 of the Dungeon.
             The game lasted 00:04:53 (1337 turns).

Mrkan the Skirmisher (Gargoyle Fighter)             Turns: 1337, Time: 00:04:53

Health: -7/29      AC: 10    Str: 19    XL:     4   Next: 46%
Magic:  4/4        EV:  7    Int: 10    God:
Gold:   111        SH:  9    Dex:  9    Spells: 3/3 levels left

rFire    . . .     SeeInvis .   a - +0 flail
rCold    . . .     Gourm    .   c - +0 shield
rNeg     + . .     Faith    .   b - +0 scale mail
rPois    ∞         Spirit   .   (no helmet)
rElec    +         Reflect  .   (no cloak)
rCorr    .         Harm     .   (no gloves)
MR       .....                  (no boots)
Stlth    ..........             (no amulet)
HPRegen  0.09/turn              (no ring)
MPRegen  0.09/turn              (no ring)

@: no status effects
A: negative energy resistance 1, electricity resistance, unbreathing,
petrification resistance, rot immunity, AC +3
a: no special abilities


You were on level 2 of the Dungeon.
You were hungry.

You visited 1 branch of the dungeon, and saw 2 of its levels.

You collected 111 gold pieces.

Inventory:

Hand Weapons
 a - a +0 flail (weapon)
Armour
 b - a +0 scale mail (worn)
 c - a +0 shield (worn)
Scrolls
 e - a scroll of blinking {unknown}
 h - a scroll of noise {unknown}
 k - a scroll of remove curse {unknown}
 m - a scroll of identify {unknown}
Potions
 d - a potion of might
 g - a potion of brilliance {unknown}
 i - 2 potions of flight {unknown}
 j - a potion of lignification {unknown}
 l - a potion of heal wounds {unknown}
Comestibles
 f - 3 rations


   Skills:
 + Level 4.0 Fighting
 * Level 3.5 Maces & Flails
 - Level 3.2 Armour
 + Level 4.0 Shields


You had 3 spell levels left.
You didn't know any spells.
Your spell library was empty.

Dungeon Overview and Level Annotations

Branches:
Dungeon (2/15)

Altars:


Innate Abilities, Weirdness & Mutations

You are resistant to torment.
Your stone body is resilient. (AC +3)
You are immune to poison.
You resist negative energy. (rN+)
You are resistant to electric shocks. (rElec)
You can survive without breathing.
You are immune to petrification.
You are immune to rotting.


Message History

You hear some strange, mumbled words.
A puff of frost appears from out of thin air!
The puff of frost hits you!
* * * LOW HITPOINT WARNING * * *
You miss something. Something hits you but does no damage.
You miss something.
Something hits you but does no damage. x2
A jackal comes into view.
You barely miss something.
The jackal barks!
Something hits you but does no damage.
The orc priest looks encouraged for a moment.
You closely miss something.
A frilled lizard comes into view.
Something hits you but does no damage.
You miss something.
The frilled lizard hisses angrily.
The goblin shouts!
You block something's attack.
The orc priest mumbles some strange prayers to Beogh against you.
Beogh smites you!
You die...

######................#
#......#####..........#
#....#.# #..........#
#.... +..
#..........##### ....
.... .................
###
.#############.#######
#.#.....(.....#.#
#.#.####.####.#.# #.
#@#....#.#
#{#.####.####.#
#o#...........#
#o#############
...o..ghh......
......##h.###.. o.....
l## g.... .# ...g. .#


You could see an orc priest, an orc, 3 jackals, a goblin and a frilled lizard.

Vanquished Creatures
  2 adders (D:2)
  An ooze (D:1)
  4 dart slugs
  5 leopard geckos (D:1)
  An orc (D:2)
  2 ball pythons (D:2)
  6 giant cockroaches (D:1)
  6 goblins
  5 hobgoblins (D:1)
  5 bats (D:1)
  3 frilled lizards (D:1)
  2 kobolds (D:1)
  4 rats (D:1)
46 creatures vanquished.

Notes
Turn   | Place    | Note
-------+----------+-------------------------------------------
     0 | D:1      | Mrkan the Gargoyle Fighter began the quest for the Orb.
     0 | D:1      | Reached XP level 1. HP: 14/14 MP: 1/1
    41 | D:1      | Reached XP level 2. HP: 19/19 MP: 2/2
   325 | D:1      | Reached XP level 3. HP: 10/23 MP: 3/3
  1183 | D:2      | Reached XP level 4. HP: 29/29 MP: 4/4
  1337 | D:2      | Killed from afar by an orc priest

Skill      XL: |  1  2  3  4 |
---------------+-------------+-----
Maces & Flails | 3 |  3.5
Fighting       | 4 |  4.0
Shields        | 4 |  4.0
Armour         | |  3.2

Action                   |  1- 3 |  4- 6 || total
-------------------------+-------+-------++-------
Melee: Flail             |   165 |    32 ||   197
  Eat: Chunk             |     1 |       ||     1
Armor: Scale mail        |    96 |    19 ||   115
Dodge: Dodged            |    59 |     6 ||    65
Block: Shield            |    87 |    14 ||   101
